 Dungeon Crawl Stone Soup version 0.19-a0-1513-gf6d23ed (webtiles) character file.

8908 dvd the Magician (level 11, -2/77 HPs)
             Began as a Mummy Air Elementalist on Sept 12, 2016.
             Was an Initiate of Gozag.
             Slain by an ice devil (11 damage)
             ... on level 11 of the Dungeon.
             The game lasted 01:04:22 (16396 turns).

dvd the Magician (Mummy Air Elementalist)          Turns: 16396, Time: 01:04:24

Health: -2/77      AC: 10    Str: 11    XL:     11   Next: 16%
Magic:  7/22       EV: 16    Int: 18    God:    Gozag
Gold:   884        SH:  0    Dex: 13    Spells: 4 memorised, 14 levels left

rFire  x . .     SeeInvis +     a - +3 short sword (venom)
rCold  + . .     Gourm    .     w - +2 robe {MR+}
rNeg   + + +     Faith    .     (no shield)
rPois  ∞         Spirit   .     H - +1 helmet {SInv}
rElec  .         Dismiss  .     (no cloak)
rCorr  .         Reflect  .     f - +2 pair of gloves
MR     ++...     Harm     .     y - +0 pair of boots (curse)
Stlth  ++........               (no amulet)
                                (no ring)
                                (no ring)

@: gold aura, repel missiles
A: no food or potions, fire vulnerability, cold resistance 1, negative energy
resistance 3, torment resistance, unbreathing
a: Potion Petition, Call Merchant, Bribe Branch, Renounce Religion


You were on level 11 of the Dungeon.
You worshipped Gozag.
Gozag was pleased with you.
You were not hungry.

You visited 2 branches of the dungeon, and saw 12 of its levels.
You also visited: Ossuary.

You collected 1721 gold pieces.
You spent 318 gold pieces at shops.
You paid 519 gold pieces to Gozag.

Inventory:

Hand Weapons
 a - a +3 short sword of venom (weapon)
 b - a +3 falchion of electrocution
 e - a cursed -3 rapier
 k - a +0 halberd of protection
 l - the +2 quarterstaff "Soisoq" {drain, rPois Str+3 Int-4}
   (You found it on level 7 of the Dungeon)

   A truly terrible weapon, it drains the life of those it strikes.
   It affects your strength (+3).
   It affects your intelligence (-4).
   It protects you from poison.
 q - a +1 mace of protection
 t - a +2 short sword of freezing
 v - a +2 dagger of freezing
 B - a +0 hand axe of flaming
 C - a +1 war axe of chopping
Missiles
 o - 5 curare-tipped needles
Armour
 f - a +2 pair of gloves (worn)
 p - a +2 helmet
 w - a +2 robe of magic resistance (worn)
 y - a cursed +0 pair of boots (worn)
 F - the +0 robe of Bovoi {*Confuse rPois Int+4 Dex+3}
   (You bought it in a shop on level 10 of the Dungeon)

   It affects your intelligence (+4).
   It affects your dexterity (+3).
   It protects you from poison.
   It may confuse you when you take damage.
 G - the +1 robe of the Eight Boll Weevils {+Fly rN+ MP-9}
   (You bought it in a shop on level 10 of the Dungeon)

   It protects you from negative energy.
   It affects your magic capacity (-9).
   It lets you fly.
 H - a +1 helmet of see invisible (worn)
Jewellery
 c - an uncursed ring of fire
Wands
 i - a wand of confusion (17/48)
 m - a wand of polymorph (11/24)
 r - a wand of acid (4/15)
 s - a wand of polymorph (7/24)
 x - a wand of confusion (14/48)
 E - a wand of iceblast (7/15)
Scrolls
 d - 2 scrolls of recharging
 g - 4 scrolls of identify
 h - a scroll of teleportation
 j - a scroll of blinking
 z - a scroll of fear
Books
 n - a book of the Tempests

   Spells                             Type                      Level
   a - Static Discharge               Conjuration/Air              3
   b - Lightning Bolt                 Conjuration/Air              5
   c - Fireball                       Conjuration/Fire             5
   d - Tornado                        Air                          9
   e - Shatter                        Earth                        9
 u - a book of Air

   Spells                             Type                      Level
   a - Shock                          Conjuration/Air              1
   b - Swiftness                      Charms/Air                   2
   c - Repel Missiles                 Charms/Air                   2
   d - Static Discharge               Conjuration/Air              3
   e - Lightning Bolt                 Conjuration/Air              5
 D - a book of Callings

   Spells                             Type                      Level
   a - Summon Small Mammal            Summoning                    1
   b - Call Imp                       Summoning                    2
   c - Call Canine Familiar           Summoning                    3
   d - Summon Guardian Golem          Hexes/Summoning              3
   e - Summon Lightning Spire         Summoning/Air                4
   f - Summon Ice Beast               Ice/Summoning                4


   Skills:
 + Level 4.0 Fighting
 + Level 2.3(2.6) Short Blades
 + Level 1.6(2.2) Long Blades
 + Level 0.4 Maces & Flails
 + Level 6.9 Dodging
 + Level 3.8 Stealth
 + Level 7.9 Spellcasting
 + Level 6.3 Conjurations
 + Level 0.1 Charms
 + Level 6.9 Air Magic
 + Level 1.0 Evocations


You had 14 spell levels left.
You knew the following spells:

 Your Spells              Type           Power        Failure   Level  Hunger
a - Shock                 Conj/Air       ####         1%          1    N/A
b - Repel Missiles        Chrm/Air       ###...       3%          2    N/A
c - Static Discharge      Conj/Air       ####....     1%          3    N/A
d - Lightning Bolt        Conj/Air       ####......   21%         5    N/A

Dungeon Overview and Level Annotations

Branches:
Dungeon (11/15)            Temple (1/1) D:7            Lair (0/6) D:11
    Orc (0/2) D:10

Altars:
Ashenzari
Cheibriados
Dithmenos
Elyvilon
Fedhas
Gozag
Hepliaklqana
Kikubaaqudgha
Makhleb
Nemelex Xobeh
Okawaru
Qazlal
Ru
Sif Muna
Trog
Uskayaw
Vehumet
Xom
Yredelemnul
Zin
The Shining One

Shops:
D:10 [

Annotations:
D:11 exclusion: oklob plant


Innate Abilities, Weirdness & Mutations

You do not eat or drink.
Your flesh is vulnerable to fire.
You are immune to poison.
Your flesh is cold resistant. (rC+)
You are immune to negative energy. (rN+++)
You are immune to unholy pain and torment.
You can survive without breathing.


Message History

The ice devil hits you. The ice devil freezes you! You resist.
* * * LOW HITPOINT WARNING * * *
You hit the ice devil.
The ice devil is severely wounded.
The ice devil hits you.
* * * LOW HITPOINT WARNING * * *
The ice devil freezes you. You resist.
* * * LOW HITPOINT WARNING * * *
Unknown command.
Evoke which item? (* to show all) (? for menu, Esc to quit)
Zapping:
r - a wand of acid (5/15)
Press: ? - help, Shift-Dir - straight line, f/p - ice devil
Aim: an ice devil (severely wounded, poisoned)
The bolt of acid hits the ice devil.
The ice devil is almost dead.
This wand has 4 charges left.
The ice devil hits you.
* * * LOW HITPOINT WARNING * * *
The ice devil freezes you! You resist.
You die...
Your body crumbles into a pile of gold.

###### #..... #### #.....
#############....######.....
#...........................
#.....####.#..... ##......[.
###..##.# #'#+###. #........
#....##)## #$@.# #.._.....
#.#.###..# ##4##
#####......## ###.#>.....#
#.# #....(....##
##...###.#..# ...
#.###.....# .......#.#..#
.... #.# ##.##.#
.........#..# .....
#.####..#.# .......###..#
.....##....#..#.# .......#
#..#########.##.#<...#
.......#
#..#########.##.###..###


You could see an ice devil.

Vanquished Creatures
  An unseen horror (D:11)
  A hill giant (D:11)
  A freezing wraith (D:11)
  An ice devil (D:11)
  Prince Ribbit (D:6)
  The ghost of Tux the Ruffian, an amateur VSTm (D:3)
  A wraith (D:11)
  A hippogriff (D:11)
  Grum (D:8)
  A hungry ghost (D:9)
  A mottled dragon (D:11)
  A water moccasin (D:11)
  2 phantoms
  3 sky beasts
  11 orc warriors
  A wasp (D:7)
  4 wolves (D:8)
  An eye of draining (shapeshifter) (D:11)
  3 ogres
  6 centaurs
  7 giant frogs
  5 water moccasin zombies (Ossuary)
  A scorpion (D:11)
  10 killer bees
  4 wights (D:8)
  2 howler monkeys
  2 centaur zombies (D:5)
  4 crimson imps
  6 orc priests
  7 hounds
  3 jellies
  6 iguanas
  2 centaur skeletons
  A giant frog skeleton (D:11)
  17 orc wizards
  9 worker ants
  5 big kobold zombies (Ossuary)
  A hound zombie (D:7)
  A hound skeleton (D:7)
  Robin (D:2)
  A howler monkey zombie (D:11)
  2 mummies (Ossuary)
  A worker ant zombie (D:10)
  13 adders
  6 gnolls
  A howler monkey skeleton (D:9)
  3 shadow imps
  An ooze (D:6)
  2 adder skeletons
  2 adder zombies (Ossuary)
  2 worms (D:2)
  3 giant geckos
  48 orcs
  12 giant cockroaches
  14 goblins
  14 hobgoblins
  11 jackals
  15 kobolds
  4 quokkas
  3 ball pythons
  7 bats
  A giant gecko zombie (D:8)
  8 giant newts
  6 gnoll zombies (Ossuary)
  3 hobgoblin zombies (Ossuary)
  A kobold zombie (Ossuary)
  4 orc zombies (Ossuary)
  A quokka zombie (D:9)
  7 rats
  A rat zombie (D:6)
334 creatures vanquished.

Vanquished Creatures (others)
  A human (D:6)
  An orc wizard (D:10)
  2 orcs (D:7)
  A jackal (D:7)
  A kobold zombie (Ossuary)
  A plant (D:11)
7 creatures vanquished.

Grand Total: 341 creatures vanquished

Notes
Turn   | Place    | Note
-------+----------+-------------------------------------------
     0 | D:1      | dvd the Mummy Air Elementalist began the quest for the Orb.
     0 | D:1      | Reached XP level 1. HP: 13/13 MP: 3/3
   366 | D:1      | Reached skill level 1 in Conjurations
   517 | D:1      | Reached XP level 2. HP: 19/19 MP: 1/5
   940 | D:1      | Learned a level 2 spell: Repel Missiles
  1236 | D:1      | Reached XP level 3. HP: 21/24 MP: 1/6
  1610 | D:2      | Learned a level 3 spell: Static Discharge
  2304 | D:2      | Reached XP level 4. HP: 30/30 MP: 2/7
  2575 | D:2      | Noticed Robin
  2595 | D:2      | Killed Robin
  3102 | D:3      | Found a faded altar of an unknown god.
  3234 | D:3      | Noticed Tux's ghost (amateur VSTm)
  3711 | D:4      | Reached XP level 5. HP: 4/35 MP: 3/8
  3716 | D:4      | HP: 1/35 [orc/mace (3)]
  4328 | D:4      | Noticed an ogre
  4339 | D:4      | Killed an ogre
  4339 | D:4      | Reached skill level 3 in Spellcasting
  4339 | D:4      | Reached XP level 6. HP: 41/41 MP: 6/10
  5476 | D:5      | Entered Level 5 of the Dungeon
  5734 | D:5      | Found a radiant altar of Vehumet.
  6158 | D:5      | Reached XP level 7. HP: 46/46 MP: 9/12
  6531 | D:6      | Reached skill level 1 in Fighting
  6661 | D:6      | Reached skill level 4 in Spellcasting
  6765 | D:6      | Noticed Prince Ribbit
  6780 | D:6      | Killed Prince Ribbit
  6780 | D:6      | Reached skill level 1 in Short Blades
  6780 | D:6      | Reached XP level 8. HP: 36/56 MP: 3/14
  6854 | D:6      | Found an ancient bone altar of Kikubaaqudgha.
  6924 | D:6      | Found a sand-covered staircase.
  6980 | Ossuary  | Entered an ossuary
  7105 | Ossuary  | HP: 2/57 [gnoll zombie (7)]
  8292 | D:7      | Reached skill level 5 in Air Magic
  8373 | D:7      | Reached skill level 5 in Spellcasting
  8614 | D:7      | Got a scorched quarterstaff
  8615 | D:7      | Identified the cursed +2 quarterstaff "Soisoq" {drain, rPois Str+3 Int-4} (You found it on level 7 of the Dungeon)
  8692 | D:7      | Found a glowing golden altar of the Shining One.
  8694 | D:7      | Noticed an angel
  8708 | D:7      | Found a basalt altar of Yredelemnul.
  8710 | D:7      | Noticed a profane servitor
  8998 | D:7      | Found a staircase to the Ecumenical Temple.
  9006 | Temple   | Entered the Ecumenical Temple
  9062 | Temple   | Became a worshipper of Gozag Ym Sagoz the Greedy
  9150 | D:7      | Reached XP level 9. HP: 29/62 MP: 4/16
  9161 | D:7      | Learned a level 5 spell: Lightning Bolt
 10014 | D:8      | Reached skill level 5 in Dodging
 10356 | D:8      | Reached skill level 6 in Spellcasting
 10842 | D:8      | Noticed Grum
 10847 | D:8      | Killed Grum
 10847 | D:8      | Reached skill level 5 in Conjurations
 11485 | D:5      | Reached XP level 10. HP: 64/70 MP: 15/19
 11567 | D:3      | Killed Tux's ghost
 13311 | D:9      | Found an ancient bone altar of Kikubaaqudgha.
 13328 | D:9      | Found a deep blue altar of Sif Muna.
 13378 | D:9      | Found a radiant altar of Vehumet.
 13422 | D:10     | Entered Level 10 of the Dungeon
 13448 | D:10     | Reached skill level 7 in Spellcasting
 14382 | D:10     | Found a staircase to the Orcish Mines.
 14529 | D:11     | Noticed a death knight
 14529 | D:11     | Noticed a skeletal warrior
 14542 | D:11     | Reached skill level 1 in Long Blades
 14617 | D:10     | Reached skill level 1 in Evocations
 14831 | D:10     | Bought a twisted robe for 114 gold pieces
 14841 | D:10     | Identified the cursed +0 robe of Bovoi {*Confuse rPois Int+4 Dex+3} (You bought it in a shop on level 10 of the Dungeon)
 14842 | D:10     | Bought a fine robe for 114 gold pieces
 14852 | D:10     | Identified the +1 robe of the Eight Boll Weevils {+Fly rN+ MP-9} (You bought it in a shop on level 10 of the Dungeon)
 14862 | D:10     | Bought a runed helmet for 90 gold pieces
 15063 | D:11     | Noticed an unseen horror
 15080 | D:11     | Killed an unseen horror
 15100 | D:11     | Found a shimmering altar of Xom.
 15542 | D:11     | Reached XP level 11. HP: 77/77 MP: 13/22
 15698 | D:11     | Found a staircase to the Lair.
 15698 | D:11     | Noticed an oklob plant
 16216 | D:11     | Noticed a hill giant
 16257 | D:11     | Killed a hill giant
 16396 | D:11     | Slain by an ice devil

Vault maps used:
D:1:      dpeg_arrival_shelter, minmay_unequal
D:2:      uniq_robin
D:3:      ecumenical_altar_1
D:4:      first_bread
D:5:      basic_altar
D:6:      enter_ossuary_3, tgw_kikubaaqudgha, uniq_prince_ribbit1
D:7:      grunt_temple_overflow_holy_war
D:8:      uniq_grum
D:9:      palyth_temple_overflow_mages
D:10:     david_orc_4
D:11:     dpeg_oklobed_lair, portal_ice_cave_demonic_guard, basic_altar
Temple:   nicolae_temple_x_marks_the_god
Ossuary:  ossuary_tomb_2

Skill      XL: |  1  2  3  4  5  6  7  8  9 10 |
---------------+-------------------------------+-----
Conjurations   | 1 2 3 4 5 6 |  6.3
Air Magic      | 3 4 5 6 |  6.9
Stealth        | 2 3 |  3.8
Dodging        | 2 3 4 5 6 |  6.9
Spellcasting   | 3 4 5 6 7 |  7.9
Fighting       | 1 2 3 4 |  4.0
Short Blades   | 1 2 |  2.3
Long Blades    | 1 |  1.6
Evocations     | 1 |  1.0
Maces & Flails | |  0.4
Charms         | |  0.1

Action                   |  1- 3 |  4- 6 |  7- 9 | 10-12 || total
-------------------------+-------+-------+-------+-------++-------
Melee: Whip              |    22 |       |       |       ||    22
       Short sword       |    12 |    71 |   243 |    64 ||   390
       Mace              |       |       |    50 |    11 ||    61
       Falchion          |       |       |       |   184 ||   184
       Dagger            |       |       |       |     7 ||     7
 Cast: Shock             |    87 |   102 |   180 |   168 ||   537
       Repel Missiles    |     1 |       |     2 |     3 ||     6
       Static Discharge  |       |     6 |    36 |    46 ||    88
Invok: Potion Petition   |       |       |     1 |       ||     1
       Call Merchant     |       |       |       |     1 ||     1
Evoke: Wand              |       |       |    12 |     4 ||    16
  Use: Scroll            |       |       |    17 |    12 ||    29
 Stab: Sleeping          |     2 |     1 |     4 |     3 ||    10
       Distracted        |       |       |     1 |     1 ||     2
Armor: Robe              |     9 |    30 |   118 |    88 ||   245
Dodge: Dodged            |    40 |    70 |   242 |   172 ||   524
       Deflected         |     1 |       |     5 |     5 ||    11
